[Event "Early-Titled-Tuesday-Blitz-February-20-2024"]
[Site "Chess.com"]
[Date "2024.02.20"]
[Round "6"]
[White "Journey_to_GrandMaster_YT"]
[Black "djano"]
[Result "0-1"]
[WhiteElo "2515"]
[BlackElo "2674"]
[TimeControl "180+1"]
[EndTime "9:09:37 PST"]
[Termination "djano won on time"]

1. d4 d5 2. c4 e6 3. Nc3 c5 4.
cxd5 cxd4 5. Qxd4 Nc6 6. Qd1 exd5 7. Qxd5 Bd6 8. Nf3 Nf6 9. Qb3 O-O 10. Bg5 h6 11. Bh4 Be6 12. Qxb7 Nb4 13. Rc1 Re8 14. e3 g5 15. Bg3 Bxg3 16. hxg3 Rb8 17. Qxa7 Ng4 18.
Be2 Nd3+ 19. Bxd3 Qxd3 20. Qd4 Qxd4 21. Nxd4 Rxb2 22. Nxe6 Nxf2 23. O-O Ng4 24. Nd4 Rxe3 25. Rf3 Re5 26. Rc2 Re1+ 27. Rf1 Rxf1+ 28. Kxf1 Ne3+ 29. Ke2 Nxc2 30. Nxc2 Rxc2+ 31. Kd3 Rxg2 32. Ne2 Rf2 33. a4 Rf3+ 34. Kc4 Re3 35. Nc3 h5 36. a5 h4 37.
gxh4 gxh4 38. Nd5 Ra3 39. Kb4 Ra1 40. Nf4 Kh7 41. Kb5 Kh6 42. a6 Kg5 43. Nh3+ Kg4 44. Nf2+ Kg3 45. Ne4+ Kg2 46. Nc5 Rxa6 47. Kxa6 h3 48.
Nd3 h2 49. Nf4+ Kf3 50. Nd3 h1=Q 51. Ne5+ Kg3 52. Nxf7 Qf1+ 0-1

[Event "Early-Titled-Tuesday-Blitz-February-20-2024"]
[Site "Chess.com"]
[Date "2024.02.20"]
[Round "6"]
[White "NovoselovRoman"]
[Black "N_I_Chess"]
[Result "1-0"]
[WhiteElo "2547"]
[BlackElo "2303"]
[TimeControl "180+1"]
[EndTime "9:09:37 PST"]
[Termination "NovoselovRoman won by resignation"]

1. d4 Nf6 2. Nc3 d5 3. Bg5 e6 4. Nf3 Nbd7 5. e3 Bb4 6. Bd3 a6 7. O-O h6 8. Bh4 O-O 9. Ne2 c5 10. c3 Ba5 11. Ne5 Bc7 12. f4 Bd6 13. Rc1 b5 14. Bb1 Qc7 15. Ng3 Bb7 16. Nh5 Nxh5 17.
Qxh5 f5 18. g4 Nf6 19. Bxf6 gxf6 20. Ng6 fxg4 21. Nxf8 Rxf8 22. Qxg4+ Qg7 23. Qxg7+ Kxg7 24. Kf2 f5 25. Rg1+ Kh7 26. Bd3 Bc6 27. Be2 Be7 28.
Bh5 Bh4+ 29. Ke2 Bd7 30. dxc5 Bc6 31. Kd3 Bf6 32. Rg6 Bd7 33. Rcg1 Bc6 34. R6g3 Bd7 35. Bg6+ Kh8 36. Rh3 Bg7 37. Bh5 Bf6 38. Rg6 Bg7 39. Bf3 Rd8 40. Rhg3 Rg8 41. h4 Be8 42. Rxe6 Bf7 43. Re7 Rf8 44. Rxf7 Rxf7 45. Bxd5 Rd7 46. c4 bxc4+ 47. Kxc4 Bxb2 48. c6 Rc7 49. Rg8+ Kh7 50.
Rd8 Bg7 51. Rd7 Rc8 52. c7 a5 53. Kc5 Kh8 54. Bb7 Bf8+ 55. Kc6 Re8 56. Rd8 Re6+ 57.
Kd7 Rf6 58. c8=Q 1-0

[Event "Early-Titled-Tuesday-Blitz-February-20-2024"]
[Site "Chess.com"]
[Date "2024.02.20"]
[Round "6"]
[White "yuriydovzik"]
[Black "MVM2008"]
[Result "1-0"]
[WhiteElo "2162"]
[BlackElo "2454"]
[TimeControl "180+1"]
[EndTime "9:09:37 PST"]
[Termination "yuriydovzik won by resignation"]

1. e4 e5 2. Nf3 Nf6 3. Nc3 Bc5 4. Bc4 b5 5. Bxb5 c6 6. Bd3 d5 7. O-O O-O 8. h3 dxe4 9. Nxe4 Nxe4 10. Bxe4 f5 11.
Bd3 e4 12. Bc4+ Kh8 13. d4 Bd6 14. Bg5 Qe8 15. Ne5 Bxe5 16. dxe5 Qxe5 17. g3 Nd7 18. Bf4 Qf6 19. Qd6 Nb6 20. Qxf6 Rxf6 21. Bb3 Be6 22. Be5 Rg6 23. Rfd1 Nd5 24. c4 Nb4 25. Rd6 Nd3 26. Bc3 c5 27. Rd1 f4 28.
g4 h5 29. f3 hxg4 30. hxg4 Bxg4 31. Rxg6 Bxf3 32. Rxd3 exd3 33. Rxg7 Rg8 34. Rxg8+ Kxg8 35. Kf2 Be2 36. Bd2 f3 37. Be3 Kf7 38. Ba4 Ke6 39. Bc6 Ke5 40. Bxf3 Bxf3 41. Kxf3 d2 42. Bxd2 Kd4 43.
Ke2 Kxc4 44. Bc3 a6 45. Kd2 Kb5 46. Kc2 a5 47. Bd2 a4 48. Be1 c4 49. a3 Kc6 50.
Kc3 Kb5 51. Bf2 Kc6 52. Kxc4 Kb7 53. Kb4 1-0

[Event "Early-Titled-Tuesday-Blitz-February-20-2024"]
[Site "Chess.com"]
[Date "2024.02.20"]
[Round "6"]
[White "DenLaz"]
[Black "ActorXu"]
[Result "1/2-1/2"]
[WhiteElo "3033"]
[BlackElo "2820"]
[TimeControl "180+1"]
[EndTime "9:09:40 PST"]
[Termination "Game drawn by repetition"]

1. d4 Nf6 2. c4 e6 3. Nf3 d5 4.
Nc3 Bb4 5. Bg5 h6 6. Bxf6 Qxf6 7.
e3 O-O 8. Rc1 dxc4 9. Bxc4 c5 10.
Qb3 Bxc3+ 11. Qxc3 cxd4 12. Qxd4 Qe7 13. Bd3 Nc6 14.
Qe4 Qb4+ 15. Nd2 Qxe4 16. Bxe4 Bd7 17. f4 Rac8 18. Kf2 Rfd8 19. Nf3 Be8 20. g4 b6 21. h4 Ne7 22. Nd4 Rxc1 23. Rxc1 Rc8 24. Rxc8 Nxc8 25. Ke2 Nd6 26. Bc6 Kf8 27. Kd3 Ke7 28. e4 Bd7 29.
e5 Ne8 30. Bf3 Nc7 31. b4 Nb5 32. Ne2 Nc7 33. Nc3 Nb5 34. Nd1 f6 35. Ne3 fxe5 36. fxe5 Na3 37. Bd1 g5 38. hxg5 hxg5 39. Bb3 a5 40.
bxa5 bxa5 41. Kd4 Bc6 42. Kc5 Bf3 43. Kb6 Nb1 44. Kxa5 Nd2 45. Kb6 Kd7 46. Bc2 Be2 47. a4 Nf3 48. a5 Nxe5 49. Be4 Kc8 50. Bb7+ Kb8 51. a6 Nd7+ 52. Kc6 Ne5+ 53. Kb6 Nd7+ 54. Kc6 Ne5+ 55. Kb6 1/2-1/2

[Event "Early-Titled-Tuesday-Blitz-February-20-2024"]
[Site "Chess.com"]
[Date "2024.02.20"]
[Round "6"]
[White "KuzubovYuriy"]
[Black "NewBornNow"]
[Result "1-0"]
[WhiteElo "2964"]
[BlackElo "2791"]
[TimeControl "180+1"]
[EndTime "9:09:40 PST"]
[Termination "KuzubovYuriy won on time"]

1. d4 Nf6 2. Nf3 g6 3. Nbd2 d5 4. b4 Bg7 5. e3 O-O 6. c4 c6 7. Bb2 Bg4 8. Be2 e6 9. O-O Nbd7 10. Rc1 a5 11. b5 a4 12. Ba3 Re8 13. h3 Bxf3 14.
Nxf3 Ne4 15. Bd3 e5 16. bxc6 bxc6 17. cxd5 cxd5 18. Bb5 exd4 19. Nxd4 Rc8 20. Nc6 Rxc6 21. Bxc6 Nc3 22. Rxc3 Bxc3 23. Qxa4 Nb6 24. Qb3 Re4 25. Qxc3 Rc4 26. Qe5 Rxc6 27. Bb2 f6 28. Qf4 Nc4 29. Bd4 Qd6 30. Qxd6 Rxd6 31. Rb1 h5 32. a4 Kf7 33. Rb4 Rc6 34. g4 h4 35. Kg2 g5 36. Rb5 Ke6 37. a5 Ra6 38. Bc3 Nd6 39. Rb6 Rxb6 40. axb6 f5 41. gxf5+ Kxf5 42. Bb4 Nb7 43. Kf3 Nd8 44.
Be7 Nb7 45. Kg2 Na5 46. f3 Nb7 47. Kf2 Na5 48. Ke2 Nc6 49. b7 Ke6 50. Bxg5 Kd7 51. Bf4 1-0

[Event "Early-Titled-Tuesday-Blitz-February-20-2024"]
[Site "Chess.com"]
[Date "2024.02.20"]
[Round "6"]
[White "pedro_nascimento85"]
[Black "Viktor_Poddubnyi"]
[Result "1/2-1/2"]
[WhiteElo "2134"]
[BlackElo "2283"]
[TimeControl "180+1"]
[EndTime "9:09:40 PST"]
[Termination "Game drawn by repetition"]

1. d4 g6 2. c4 Bg7 3. Nf3 c5 4. d5 f5 5. h4 Nf6 6. Nc3 d6 7. Ng5 h6 8. Nf3 Nbd7 9. Bf4 Ng4 10. e3 Nde5 11. Be2 O-O 12. O-O Bd7 13. Qc2 a6 14.
Nd2 Qe8 15. Rfe1 Qf7 16. Rab1 Rac8 17. Nf3 Nxf3+ 18. Bxf3 Ne5 19. Be2 Qf6 20. Bg3 g5 21. hxg5 hxg5 22. Bxe5 Qxe5 23. Bd3 Kf7 24. Na4 Bxa4 25. Qxa4 Rh8 26. g3 Rh6 27. Qd7 Rch8 28.
Qxf5+ Qxf5 29. Bxf5 Be5 30. Kg2 Rf6 31. g4 Rfh6 32. Rh1 Rxh1 33. Rxh1 Rxh1 34. Kxh1 Bxb2 35. Kg2 Kf6 36. f4 Bc1 37. Kf3 Bd2 38. fxg5+ Kxg5 39. Ke2 Bc1 40. Kf3 a5 41. a4 b6 42. Ke2 Kf6 43. Kf3 Bb2 44. Kf4 Bc1 45. g5+ Kf7 46.
Kf3 Bd2 47. Ke2 Bc1 48. Kf3 Bd2 49. Ke2 Bc1 50. Kd3 Kg7 51. Ke4 Kf7 52. Kf4 Bd2 53.
Kf3 Bc1 54. Kf4 Bd2 55. Kf3 Bc1 56. Kf4 1/2-1/2

[Event "Early-Titled-Tuesday-Blitz-February-20-2024"]
[Site "Chess.com"]
[Date "2024.02.20"]
[Round "6"]
[White "MatthewG-p4p"]
[Black "mr_gustavo"]
[Result "1-0"]
[WhiteElo "2892"]
[BlackElo "2736"]
[TimeControl "180+1"]
[EndTime "9:09:41 PST"]
[Termination "MatthewG-p4p won on time"]

1. e4 c5 2. c3 d5 3. exd5 Qxd5 4. d4 g6 5. Nf3 Bg7 6. Nbd2 Nf6 7. Bc4 Qd6 8. O-O O-O 9. dxc5 Qxc5 10. Qe2 Qc7 11. Re1 Nc6 12. Ne4 Nxe4 13. Qxe4 Bf5 14. Qh4 Ne5 15.
Nxe5 Bxe5 16. Bg5 Bf6 17. Bxf6 exf6 18. Bb3 Kg7 19. Qa4 b6 20. h3 Rad8 21. Re3 Rd2 22. Rae1 Rfd8 23. Qa3 Qf4 24. Rf3 Qd6 25. Qxa7 Rd7 26. Qa4 Rxb2 27. Qh4 g5 28. Qa4 Bg6 29. Qb5 Rd2 30. Qc4 h5 31. Rfe3 h4 32. Qc8 Qf4 33.
Rf3 Qd6 34. Re8 Bh7 35. Re1 Bg6 36. Qc4 Re7 37. Rxe7 Qxe7 38. Re3 Qd6 39. Re1 Bh5 40. a4 Bg6 41. Qb4 Qd3 42. Bc4 Qc2 43. Rf1 Rd1 44.
Qxb6 Rxf1+ 45. Bxf1 Qxc3 46. a5 Bd3 47. Qe3 Qxa5 48.
Qxd3 Qe5 49. Qd2 Qc7 50. Bd3 1-0

[Event "Early-Titled-Tuesday-Blitz-February-20-2024"]
[Site "Chess.com"]
[Date "2024.02.20"]
[Round "6"]
[White "Elnaz_Kaliakhmet"]
[Black "GoltsevDmitry2000"]
[Result "1/2-1/2"]
[WhiteElo "2455"]
[BlackElo "2781"]
[TimeControl "180+1"]
[EndTime "9:09:44 PST"]
[Termination "Game drawn by stalemate"]

1. d4 e6 2. c4 d5 3. Nf3 Nf6 4.
Nc3 dxc4 5. e4 c5 6. Bxc4 cxd4 7. Qxd4 Qxd4 8. Nxd4 a6 9. e5 Nfd7 10. f4 b5 11. Bb3 Bb7 12. O-O Nc6 13. Nxc6 Bxc6 14.
Be3 Nc5 15. Bc2 g6 16. Rad1 Be7 17. b4 Nb7 18. a3 O-O 19. Be4 Rac8 20. Bxc6 Rxc6 21.
Ne4 Rd8 22. Rxd8+ Bxd8 23. Rd1 Bb6 24. Bxb6 Rxb6 25. Rd7 a5 26. bxa5 Nxa5 27. Rd8+ Kg7 28. Nf6 h5 29. Rg8+ Kh6 30. h3 h4 31. Rh8+ Kg7 32.
Rxh4 g5 33. Rg4 Rb8 34. Rxg5+ Kh6 35. g4 Nc6 36. Kf2 b4 37. axb4 Rxb4 38. Rh5+ Kg7 39. Rh7+ Kg6 40. Kg3 Nd4 41. h4 Ne2+ 42. Kf3 Rxf4+ 43.
Kxe2 Rf2+ 44. Ke3 Rf3+ 45. Ke2 Re3+ 46. Kf2 Rf3+ 47. Kg2 Rg3+ 48. Kf1 Rf3+ 49. Ke2 Re3+ 50. Kxe3 1/2-1/2

[Event "Early-Titled-Tuesday-Blitz-February-20-2024"]
[Site "Chess.com"]
[Date "2024.02.20"]
[Round "6"]
[White "RobertoJBM"]
[Black "Oleksandr_Bortnyk"]
[Result "0-1"]
[WhiteElo "2826"]
[BlackElo "3066"]
[TimeControl "180+1"]
[EndTime "9:09:46 PST"]
[Termination "Oleksandr_Bortnyk won on time"]

1. d4 Nf6 2. Nf3 b6 3. e3 Bb7 4.
Bd3 d5 5. Qe2 g6 6. O-O Bg7 7.
b3 O-O 8. Bb2 e6 9. Nbd2 c5 10.
Ne5 Qe7 11. a3 Ne4 12. f4 Nd7 13. c4 Nxd2 14. Qxd2 dxc4 15. bxc4 cxd4 16. exd4 Rfd8 17. Qe2 Rac8 18. Rae1 Nxe5 19. fxe5 Rd7 20. h3 Qh4 21. Kh2 Qg5 22. Bc1 Qd8 23. Bb2 h5 24. Rf2 Qg5 25.
Bc1 Qd8 26. Bb2 Rxd4 27. Bxd4 Qxd4 28. Rff1 Rc5 29. Qe3 Bxe5+ 30. Kh1 Qxe3 31. Rxe3 Bd4 32. Re2 e5 33. Rf6 e4 34. Rd6 exd3 35. Re8+ Kg7 36.
Rxd4 Ba6 37. Rxd3 Bxc4 38. Rd7 a5 39. Rb8 b5 40. Ra7 a4 41. Rd7 Re5 42. Rd1 Re2 43. Ra1 Rb2 44. Rd8 Kf6 45. Rdd1 Ke5 46. Re1+ Kd6 47. Re3 Kc5 48. Rf3 Rb3 49. Kg1 Bd5 50. Rc1+ Kd4 51. Rd1+ Ke5 52. Re1+ Kd6 53. Rd1 Kc5 54.
Rc1+ Kb6 0-1

[Event "Early-Titled-Tuesday-Blitz-February-20-2024"]
[Site "Chess.com"]
[Date "2024.02.20"]
[Round "6"]
[White "mishanick"]
[Black "BardArtem"]
[Result "1-0"]
[WhiteElo "3045"]
[BlackElo "2775"]
[TimeControl "180+1"]
[EndTime "9:09:47 PST"]
[Termination "mishanick won by checkmate"]

1. d4 d5 2. c4 c6 3. Nc3 Nf6 4. Nf3 a6 5. c5 Nbd7 6. Bf4 Nh5 7. Bd2 Nhf6 8. g3 g6 9. Bg2 Bg7 10. O-O O-O 11. Qc2 Re8 12. Rad1 e5 13. dxe5 Ng4 14. e4 Ndxe5 15. exd5 Nxf3+ 16. Bxf3 Ne5 17. Bg2 Bg4 18. d6 Bxd1 19. Rxd1 Nd7 20. Ne4 Nf6 21.
Bg5 h6 22. Bxf6 Bxf6 23. Qb3 Rb8 24. h4 Re5 25. Qc4 Kg7 26. b4 a5 27. a3 axb4 28. axb4 Ra8 29. Rd3 Ra1+ 30. Kh2 Re1 31. Nd2 Re8 32. Nf3 R1e2 33. Kg1 Qd7 34. Bf1 R2e4 35. Qb3 Qg4 36. Nh2 Qe6 37. Nf3 Qxb3 38. Rxb3 Ra8 39. b5 Ra5 40. Kg2 g5 41. hxg5 hxg5 42.
Bd3 Re8 43. Nd2 Ra2 44. Ne4 Bd4 45. bxc6 bxc6 46. Rb7 Ra3 47. Bc2 Ra2 48. Bb3 Ra3 49.
Rxf7+ Kg6 50. d7 Rd8 51. Be6 Ra7 52. Nd6 g4 53. Bf5+ Kg5 54. Ne4+ Kh6 55. Rh7# 1-0

[Event "Early-Titled-Tuesday-Blitz-February-20-2024"]
[Site "Chess.com"]
[Date "2024.02.20"]
[Round "6"]
[White "BashirliSaadat"]
[Black "pooh2012"]
[Result "0-1"]
[WhiteElo "2354"]
[BlackElo "2545"]
[TimeControl "180+1"]
[EndTime "9:09:47 PST"]
[Termination "pooh2012 won by checkmate"]

1. d4 Nf6 2. e3 e6 3. Bd3 c5 4. c3 b6 5. f4 Bb7 6. Nf3 Be7 7. O-O d6 8. Nbd2 Nbd7 9. Qe2 Qc7 10. b3 e5 11.
fxe5 dxe5 12. Bb5 e4 13. Ne5 O-O 14. Nxd7 Nxd7 15. Qg4 Nf6 16. Qf5 a6 17. Be2 cxd4 18.
cxd4 Qc3 19. Nc4 Qxa1 20. Ba3 Qxf1+ 21. Bxf1 Bxa3 22. Nxa3 Nd5 23. Kf2 b5 24. Nb1 Rac8 25.
Nd2 Rc2 26. Ke1 Nxe3 27. Qd7 Bd5 28. Be2 f5 29. Nf1 Rc1+ 30. Kd2 Nxf1+ 31. Bxf1 Rxf1 32. Qxd5+ Kh8 33. Qd6 Kg8 34. Qe6+ Rf7 35. Qe8+ Rf8 36. Qe6+ Kh8 37. d5 Rf2+ 38. Ke3 Rxg2 39. d6 f4+ 40. Kd4 Rd2+ 41. Kc5 e3 42. Qe7 Rg8 43. d7 e2 44. Kc6 f3 45. Kc7 f2 46. Qe8 e1=Q 47.
Qxg8+ Kxg8 48. d8=Q+ Rxd8 49. Kxd8 Qe3 50. Kc7 f1=Q 51.
Kb7 Qf7+ 52. Kxa6 Qee6+ 53. Kxb5 Qb7+ 54. Ka4 Qea6# 0-1

[Event "Early-Titled-Tuesday-Blitz-February-20-2024"]
[Site "Chess.com"]
[Date "2024.02.20"]
[Round "6"]
[White "Grandelicious"]
[Black "AvitalBor"]
[Result "1/2-1/2"]
[WhiteElo "2892"]
[BlackElo "2768"]
[TimeControl "180+1"]
[EndTime "9:09:48 PST"]
[Termination "Game drawn - insufficient material"]

1. d4 Nf6 2. Nf3 g6 3. g3 Bg7 4. Bg2 O-O 5. O-O d5 6. c3 a5 7. Bf4 Ne4 8. Qc1 Re8 9. Nbd2 Bf5 10. Nh4 Nxd2 11. Qxd2 Be6 12. e4 c6 13. Rfe1 Nd7 14. Bh6 Nb6 15. Bxg7 Kxg7 16. e5 Qc8 17. f4 Nc4 18. Qf2 a4 19. Rf1 Bf5 20. b3 axb3 21. axb3 Na5 22. Ra3 b6 23. Rfa1 Rb8 24. b4 Nc4 25.
Ra7 Rb7 26. Nxf5+ gxf5 27. Bh3 e6 28. g4 fxg4 29. Bxg4 Qc7 30. Rxb7 Qxb7 31. f5 Kh8 32. fxe6 fxe6 33. Qf6+ Qg7 34. Rf1 Ne3 35. Qxg7+ Kxg7 36. Rf4 Kg6 37. Kf2 Nxg4+ 38. Rxg4+ Kf5 39. Kf3 Ra8 40. Rf4+ Kg5 41. h4+ Kh5 42. Rf6 Ra3 43. Rxe6 Rxc3+ 44.
Kf4 Rc4 45. Kf5 Rxb4 46. Rxc6 Rxd4 47. e6 Re4 48. Rxb6 Kxh4 49. Rd6 h5 50. Rxd5 Rxe6 51. Kxe6 Kg4 52. Ke5 h4 53. Ke4 h3 54. Ke3 h2 55.
Rd1 Kg3 56. Ra1 Kg2 57. Kf4 h1=Q 58. Rxh1 Kxh1 1/2-1/2

[Event "Early-Titled-Tuesday-Blitz-February-20-2024"]
[Site "Chess.com"]
[Date "2024.02.20"]
[Round "6"]
[White "TemploVillamarin"]
[Black "Atousa"]
[Result "0-1"]
[WhiteElo "2254"]
[BlackElo "2452"]
[TimeControl "180+1"]
[EndTime "9:09:48 PST"]
[Termination "Atousa won by checkmate"]

1. d4 Nf6 2. Nc3 d5 3. e4 dxe4 4. f3 exf3 5. Nxf3 Bg4 6. Bc4 e6 7. Be3 Nc6 8. Qe2 Bb4 9. O-O O-O 10. Rad1 Nd5 11. Nxd5 exd5 12. Bd3 Re8 13. Qf2 Bh5 14. Ng5 Bg6 15. Nxf7 Qe7 16. Bxg6 Qxe3 17. Qxe3 Rxe3 18. Bd3 Nxd4 19. c3 Rf8 20. Ng5 Rxf1+ 21. Kxf1 Be7 22. Bxh7+ Kh8 23. Rxd4 Bxg5 24. Bc2 c6 25. c4 Bf6 26. Rd2 d4 27. Kf2 c5 28. b3 Kg8 29. Bf5 Kf7 30. Bg4 Be5 31. Bf3 Bf4 32. Re2 Rc3 33. Bd5+ Kf8 34.
g3 Be3+ 35. Kg2 b6 36. h4 Bh6 37. g4 d3 38. Rd2 Bxd2 39. g5 Bf4 40. Bf3 Bd6 41. Kh3 d2 42. Kg4 Rxf3 43. Kxf3 d1=Q+ 44. Ke4 Qe2+ 45. Kd5 Qe5+ 46. Kc6 Be7 47. Kb7 a5 48. Ka6 a4 49. bxa4 Qc3 50. Kb5 Qb4+ 51. Kc6 Qxa4+ 52. Kd5 Qxa2 53. Ke5 b5 54. Kd5 Qxc4+ 55. Kc6 Qe6+ 56. Kb7 Qd7+ 57. Kb8 b4 58.
Ka8 Bd6 59. h5 Qc7 60. h6 Qb8# 0-1

[Event "Early-Titled-Tuesday-Blitz-February-20-2024"]
[Site "Chess.com"]
[Date "2024.02.20"]
[Round "6"]
[White "agvega14"]
[Black "Kostukov_Alex"]
[Result "1-0"]
[WhiteElo "2224"]
[BlackElo "2342"]
[TimeControl "180+1"]
[EndTime "9:09:48 PST"]
[Termination "agvega14 won on time"]

1. d4 g6 2. e4 c5 3. d5 Bg7 4. c4 d6 5. Nc3 Nf6 6. Bd3 O-O 7. h3 e6 8. Bg5 h6 9. Be3 exd5 10.
exd5 Re8 11. Nf3 Nbd7 12. O-O Ne5 13. Nxe5 Rxe5 14. Bf4 Re8 15. Qd2 Kh7 16. Nb5 Bf8 17. Rfe1 a6 18. Rxe8 Nxe8 19. Nc3 Bg7 20. Re1 Bd7 21.
Ne4 Qb6 22. b3 Bf5 23. Ng3 Bxd3 24. Qxd3 Qc7 25. h4 b5 26. h5 bxc4 27. bxc4 Bd4 28.
hxg6+ fxg6 29. Re6 Qf7 30. Be3 Be5 31. Ne4 Rd8 32. Nxc5 Ng7 33. g3 Nxe6 34. Nxe6 Rc8 35. Kg2 Qf5 36. Qxf5 gxf5 37. f4 Bf6 38. c5 dxc5 39.
Nxc5 Rd8 40. Nxa6 Rxd5 41. Nb4 Rb5 42. Nc6 Rb2+ 43. Kf3 Rxa2 44. Bd4 Bxd4 45. Nxd4 Kg6 46. Nc6 Ra3+ 47. Kg2 Kf6 48. Ne5 Re3 49. Nf3 Ke6 50.
Nd4+ Kf6 51. Nf3 Ra3 52. Kf2 Rd3 53. Ke2 Ra3 54. Kf2 1-0

[Event "Early-Titled-Tuesday-Blitz-February-20-2024"]
[Site "Chess.com"]
[Date "2024.02.20"]
[Round "6"]
[White "AsaHoffmann"]
[Black "Natalya_Buksa"]
[Result "0-1"]
[WhiteElo "2360"]
[BlackElo "2601"]
[TimeControl "180+1"]
[EndTime "9:09:49 PST"]
[Termination "Natalya_Buksa won by resignation"]

1. d4 d5 2. Bg5 Nf6 3. Nd2 Nbd7 4. e3 e6 5. f4 Be7 6. Ngf3 Ne4 7. Nxe4 dxe4 8.
Bxe7 Qxe7 9. Ne5 Nxe5 10. fxe5 O-O 11. c3 b6 12. Qg4 Bb7 13. Be2 c5 14. O-O cxd4 15.
exd4 a6 16. Rae1 b5 17. a3 Bd5 18. Bd1 a5 19. Bc2 b4 20. axb4 axb4 21. Bxe4 Bxe4 22. Rxe4 b3 23. h4 Ra2 24. Rf2 Ra1+ 25. Kh2 Rc1 26.
Ref4 Rc2 27. Qf3 Rc8 28. Qe4 Rxf2 29. Rxf2 Qa7 30. Qf3 h6 31. Kh3 Rc7 32. Rf1 Qa2 33. Qf2 g6 34. c4 Qa7 35. c5 Qa4 36. Qe3 Rd7 37. Rf4 Qa1 38. Rf3 Qxb2 39. Qxb3 Qxd4 40.
Qe3 Qxe3 41. Rxe3 Rc7 42. Rc3 Kf8 43. Kg4 Ke8 44. Kf4 Kd8 45. Ke4 Ra7 46. Rc4 Kc7 47.
g4 Kc6 48. Kd4 Rd7+ 49. Ke4 Rd1 50. Ra4 Re1+ 51. Kf4 Kxc5 52. Ra7 Kd5 53. Rd7+ Kc6 54. Re7 Rf1+ 55. Kg3 Kd5 56. Re8 Kxe5 57. Rh8 Ra1 58. Rxh6 Ra3+ 59. Kf2 Kf4 60. h5 gxh5 61. gxh5 Ra2+ 62.
Ke1 Kg5 63. Rh7 f5 64. h6 Rh2 65. Rg7+ Kf6 66. Rh7 e5 67. Rh8 Kg6 68. Rf8 Rxh6 69. Kf2 Kg5 70. Re8 Kf4 71. Rf8 Rh2+ 72. Kg1 Ra2 73.
Kf1 e4 0-1

[Event "Early-Titled-Tuesday-Blitz-February-20-2024"]
[Site "Chess.com"]
[Date "2024.02.20"]
[Round "6"]
[White "Yan_Dyomin2010"]
[Black "DvaHrasta"]
[Result "1-0"]
[WhiteElo "2734"]
[BlackElo "2528"]
[TimeControl "180+1"]
[EndTime "9:09:50 PST"]
[Termination "Yan_Dyomin2010 won on time"]

1. e4 c6 2. d4 d5 3. e5 c5 4. Nf3 cxd4 5. Qxd4 Nc6 6. Qf4 e6 7. Bd3 Nge7 8. O-O Ng6 9. Qg3 Qc7 10. Re1 a6 11. h4 Nb4 12. Nc3 Nxd3 13. cxd3 Ne7 14. Nd4 b5 15. h5 b4 16. Nce2 h6 17. Bd2 a5 18. Rec1 Qb7 19. a4 Bd7 20. b3 Rg8 21. Rc2 g5 22. Rac1 Rc8 23. Rxc8+ Nxc8 24. f4 Be7 25. fxg5 Bxg5 26. Bxg5 Rxg5 27. Qf4 Qb8 28.
Nf3 Rxh5 29. Ng3 Qb6+ 30. d4 Rg5 31. Nxg5 hxg5 32. Qf2 Ne7 33. Nh5 Nf5 34. Nf6+ Ke7 35. Rc5 Be8 36. Nxd5+ exd5 37. Qxf5 Bd7 38. Qxg5+ Ke8 39.
Qf6 Be6 40. Qh8+ Ke7 41. Qa8 f6 42. exf6+ Kxf6 43. Qf8+ Kg6 44. Qf4 Bf5 45. Rc7 Qe6 46. Qe5 Qxe5 47. dxe5 d4 48. Kf2 Be6 49. Rc5 Bxb3 50.
Rxa5 Bc2 51. Ke2 b3 52. Rb5 Kf5 53. Kd2 1-0

[Event "Early-Titled-Tuesday-Blitz-February-20-2024"]
[Site "Chess.com"]
[Date "2024.02.20"]
[Round "6"]
[White "TimAina"]
[Black "shimastream"]
[Result "0-1"]
[WhiteElo "2793"]
[BlackElo "2978"]
[TimeControl "180+1"]
[EndTime "9:09:52 PST"]
[Termination "shimastream won by resignation"]

1. e4 d5 2. exd5 Qxd5 3. Nc3 Qe5+ 4. Nge2 Nf6 5. d4 Qa5 6. Bd2 c6 7. Nf4 Bf5 8. Bc4 Qc7 9. O-O e6 10. Nh5 Nbd7 11. Bf4 Qb6 12. Nxf6+ Nxf6 13. a3 Qxb2 14. Qf3 Bg4 15. Qg3 Qxc2 16. Nb5 Qxc4 17. Nc7+ Kd7 18. Nxa8 Be7 19. Rfc1 Qa4 20. Rab1 b5 21. Nc7 Rc8 22.
d5 cxd5 23. Nxb5 Rxc1+ 24. Rxc1 Qxb5 25. Qc3 Bd8 26. Qc8+ Ke8 27. h3 Bf5 28. Bd6 Qd7 29. Qb8 Ne4 30. Bb4 f6 31. f3 Ng5 32. Ba5 Nf7 33.
Rc7 Qa4 34. Rxa7 Qc6 35. Rxf7 Kxf7 36. Qxd8 Kg6 37. Kh2 h5 38. Bc7 e5 39. Qd6 Qxd6 40. Bxd6 d4 41. a4 Bd7 42. a5 Bb5 43. g4 h4 44. Kg2 Kf7 45. Kf2 Ke6 46. Bc5 g6 47. f4 Kd5 48. Be7 e4 49. Bxf6 e3+ 50. Kf3 Kc4 51.
f5 Bc6+ 52. Ke2 gxf5 53. g5 Be8 54. a6 Bh5+ 55. Kf1 d3 56. a7 d2 57. a8=Q d1=Q+ 58. Kg2 Qe2+ 59. Kg1 Qf2+ 60. Kh1 Bf3+ 0-1

[Event "Early-Titled-Tuesday-Blitz-February-20-2024"]
[Site "Chess.com"]
[Date "2024.02.20"]
[Round "6"]
[White "SharapovEvgeny"]
[Black "Arystanner"]
[Result "1-0"]
[WhiteElo "2566"]
[BlackElo "2754"]
[TimeControl "180+1"]
[EndTime "9:09:52 PST"]
[Termination "SharapovEvgeny won by resignation"]

1. e4 c5 2. Nf3 e6 3. d4 cxd4 4. Nxd4 Nf6 5. Nc3 Nc6 6. Ndb5 Bc5 7. Bf4 O-O 8. Bc7 Qe7 9. Bd6 Bxd6 10. Qxd6 Qd8 11.
O-O-O a6 12. Nd4 Ne7 13. f3 b5 14. Kb1 Ne8 15. Qg3 Bb7 16. Bd3 b4 17. Nce2 Qb8 18.
Qxb8 Rxb8 19. e5 d6 20. exd6 Nxd6 21. Ng3 Nd5 22. Rhe1 a5 23. Ne4 Rfd8 24. Nxd6 Rxd6 25. Be4 Rbd8 26. Kc1 g6 27. h4 h5 28. g4 hxg4 29.
fxg4 Nf6 30. Bxb7 Rxd4 31. Rxd4 Rxd4 32. g5 Ne8 33. Re4 Rxe4 34. Bxe4 Kf8 35. Kd2 Ke7 36. Ke3 Nd6 37. Kd4 Kd7 38. Bd3 Nb7 39. Ke5 Ke7 40.
c3 Nc5 41. Bc2 bxc3 42. bxc3 Nd7+ 43. Kd4 Kd6 44. Kc4 Ne5+ 45. Kb5 Nf3 46. Kxa5 Nxh4 47. Kb6 Nf3 48. a4 Ne5 49. a5 Nc4+ 50. Ka6 Kc5 51. Bb3 Nd6 52. Ka7 Kc6 53. c4 e5 54.
Kb8 Ne4 55. a6 Nc5 56. a7 Nd7+ 57. Kc8 Nb6+ 58. Kd8 e4 59. Ke7 e3 60. Bd1 Kc5 61.
Kxf7 Kxc4 62. Kxg6 Kd3 63. Kh7 Kd2 64. Bg4 1-0

[Event "Early-Titled-Tuesday-Blitz-February-20-2024"]
[Site "Chess.com"]
[Date "2024.02.20"]
[Round "6"]
[White "LimeInTheCoconut"]
[Black "brm72"]
[Result "1-0"]
[WhiteElo "2422"]
[BlackElo "2603"]
[TimeControl "180+1"]
[EndTime "9:09:52 PST"]
[Termination "LimeInTheCoconut won by checkmate"]

1. e4 e6 2. d4 d5 3. Nc3 Nf6 4.
e5 Nfd7 5. f4 c5 6. Nf3 Nc6 7.
Be3 a6 8. Qd2 b5 9. dxc5 Bxc5 10. Bxc5 Nxc5 11. Bd3 Qb6 12. Qf2 Nxd3+ 13. cxd3 Qxf2+ 14. Kxf2 O-O 15. Ne2 f6 16. Rhc1 Bd7 17. Ke3 fxe5 18.
Nxe5 Nxe5 19. fxe5 Rac8 20. Rxc8 Rxc8 21. Rc1 Rxc1 22.
Nxc1 b4 23. Kd4 Kf7 24. Kc5 a5 25. Kb6 a4 26. Kc5 Kg6 27. Kxb4 Kf5 28. d4 Ke4 29. Kc3 Bb5 30. b3 a3 31. g3 g5 32. Kb4 Bf1 33. Kc5 Ke3 34. b4 Bc4 35. b5 Kd2 36. b6 Ba6 37.
Nb3+ Kc2 38. Kb4 Kb2 39. Nc5 Bc8 40. Nxe6 Kxa2 41. Nc5 Kb2 42. e6 a2 43. Nb3 a1=Q 44. Nxa1 Kxa1 45. e7 Bd7 46. b7 Kb2 47. b8=Q Kc2 48.
Kc5 Kd3 49. Qe5 Bg4 50. Qxd5 Be2 51. Qe5 g4 52. e8=Q h5 53. Qe3+ Kc2 54. Qa4+ Kb2 55. Qxe2+ Kc3 56. Qec2# 1-0

[Event "Early-Titled-Tuesday-Blitz-February-20-2024"]
[Site "Chess.com"]
[Date "2024.02.20"]
[Round "6"]
[White "Dubs123"]
[Black "MaestroCheck"]
[Result "1-0"]
[WhiteElo "2381"]
[BlackElo "2545"]
[TimeControl "180+1"]
[EndTime "9:09:53 PST"]
[Termination "Dubs123 won by checkmate"]

1. d4 d5 2. c4 c6 3. Nf3 Nf6 4. Nc3 e6 5. c5 b6 6. b4 a5 7. Na4 Nbd7 8. bxa5 b5 9. Nb6 Rxa5 10.
Bd2 Ra7 11. Nxd7 Nxd7 12. e3 Be7 13. a4 bxa4 14. Rxa4 Qc7 15. Qa1 Rxa4 16. Qxa4 O-O 17. Be2 e5 18. O-O e4 19. Ne1 Nf6 20. Nc2 Bg4 21.
Bxg4 Nxg4 22. g3 Qd7 23. Nb4 Rc8 24. Ra1 Qf5 25. Be1 Qh5 26. h4 Qg6 27. Qa6 Qe6 28.
Qb7 g5 29. hxg5 Bxg5 30. Ra8 Rxa8 31. Qxa8+ Kg7 32. Qxc6 Qxc6 33. Nxc6 Kf6 34. Ba5 Ke6 35. Nd8+ Bxd8 36. Bxd8 Kd7 37. Bg5 Kc6 38. Kg2 f6 39.
Bf4 f5 40. Bg5 Kd7 41. f3 exf3+ 42. Kxf3 h6 43. Bf4 Kc6 44. Ke2 Kd7 45. Kd3 h5 46. Ke2 Nf6 47. Kf3 Ne4 48. Be5 Ke6 49. c6 Ng5+ 50.
Ke2 Nf7 51. c7 Kd7 52. Kf3 Nxe5+ 53. dxe5 Kxc7 54. Kf4 d4 55. exd4 h4 56. gxh4 Kc6 57. Kxf5 Kd5 58. e6 Kxd4 59. e7 Kc5 60. e8=Q Kd5 61.
h5 Kc4 62. h6 Kd4 63. h7 Kd3 64. h8=Q Kc4 65. Qg7 Kd3 66. Qgd7+ Kc4 67. Qec8+ Kb4 68. Qdb7+ Ka3 69. Qca8# 1-0